 BcadrenCrawl: Boulder Brew version 0.05.31-22-geda828027a (webtiles) character file.

Game seed: 7651130371716697959, levelgen mode: deterministic

43054 BR41ND34D the Eclecticist (level 13, -2/107 HPs) Turquoise Draconian Mummy. Began on Oct 1, 2021. Was the Champion of Bahamut & Tiamat. Killed by divine providence ... invoked by an orc priest (15 damage) ... on level 2 of the Orcish Mines. The game lasted 03:07:12 (13723 turns).

BR41ND34D the Eclecticist (DrMu)                   Turns: 13723, Time: 03:07:13

Health: -2/107     AC: 14    Str: 10    XL:     13 ^: 2958
Magic:  3/33       EV: 20    Int: 32    God:    Bahamut & Tiamat [6* [172]]
Gold:   1233       SH:  0    Dex:  6    Spells: 44/66 levels left

rFire    . . .     Vision   .   a - +5 staff "Qamodoro" {warp, death; +Inv rPois rN+ Str-4 Int+7}
rCold    + . .     Gourm    .   (no weapon)
rNeg     + + +     Faith    .   (armour unavailable)
rCorr    . . .     Spirit   .   (helmet restricted)
rPois    ∞         Reflect  .   o - +1 cloak
rElec    .         Harm     .   (no gloves)
MR       .....                  u - +2 pair of boots
Stlth    ++........             H - amulet of the acrobat
HPRegen  1.45/turn              G - ring of wizardry
MPRegen  0.43/turn              h - ring of evasion

@: regenerating, hasted, studying 3 skills, skeletal uprising, very quick
A: horns 1, cold resistance 1, deformed body 2, negative energy resistance 3,
torment resistance, unbreathing, in touch with death 2, insubstantial, boosted
crossbows aptitude, boosted shields aptitude, translocation and transmutation
enhancers 2, ancient wisdom, AC +9
a: Breathe Spectral Mist, End Uprising, Enhanced Breath, Drake Mount, Choose
Bahamut's Promotion, Choose Tiamat's Transformation, Renounce Religion, Evoke
Invisibility


You were on level 2 of the Orcish Mines.
You worshipped Bahamut & Tiamat.
Bahamut & Tiamat was exalted by your worship.
You were not hungry.

You visited 3 branches of the dungeon, and saw 11 of its levels.
You also visited: Bailey.

You collected 1233 gold pieces.

Inventory:

Weapons
 b - a +2 katar of caustic ooze
 A - a +1 morningstar of venom
 B - a +2 dagger of speed Shields
 e - a +1 sai of molten steel
Armour
 o - a +1 cloak (worn)
 u - a +2 pair of boots (worn)
Magical Staves
 a - the +5 staff "Qamodoro" (weapon) {warp, death; +Inv rPois rN+ Str-4 Int+7}
   (You acquired it on level 6 of the Dungeon)

   [staff of death]

   Base accuracy: +5 Base damage: 5 Base attack delay: 1.2 This weapon's minimum
   attack delay (0.6) is reached at skill level 12.
   A strange crooked staff.
   Spells that are enhanced by this staff, which normally take a beam trajectory
   will be teleported directly to their targets.
   Additionally enhances translocations spells.
   It falls into the 'Staves' category.
   It is one handed.
   Its enchantment grants additive spellpower to the spells it enhances.
Jewellery
 d - a cursed ring of stealth {(Curse: rF-)}
 h - a ring of evasion (right hand)
 q - an uncursed amulet of guardian spirit
 w - an uncursed ring of evasion
 G - a ring of wizardry (left hand)
 H - an amulet of the acrobat (around neck)
 I - a cursed amulet of faith {(Curse: Str-5)}
Wands
 f - a wand of flame (14)
 l - a wand of enslavement (14)
 r - a wand of disintegration (1)
 y - a wand of hasting (8)
 D - a wand of random effects (2)
 E - a wand of acid (4)
 J - a wand of polymorph (11)
 K - a wand of ensnaring (2)
 L - a wand of iceblast (2)
 P - a wand of clouds (2)
Scrolls
 c - 3 scrolls of teleportation
 g - 4 scrolls of magic mapping
 j - 2 scrolls of fear
 n - a scroll of fog
 z - a scroll of blinking
 F - a scroll of torment
 O - a scroll of immolation
Potions
 i - 6 potions of curing
 k - 2 potions of agility
 m - 4 potions of mutation
 p - 2 potions of magic
 s - 4 potions of heal wounds
 t - a potion of amnesia
 v - 4 potions of cure mutation
 x - 2 potions of ambrosia
 C - 5 potions of brilliance
 N - a potion of haste


   Skills:
 + Level 8.0 Fighting
 - Level 6.1 Short Blades
 * Level 5.2 Maces & Staves
 - Level 5.0 Dodging
 - Level 5.0 Stealth
 + Level 16.2 Spellcasting
 - Level 12.0 Necromancy
 * Level 4.2 Transmutations
 - Level 9.0 Invocations
 - Level 7.0 Evocations


You had 44 spell levels left.
You knew the following spells:

 Your Spells              Type           Power        Failure   Level  Hunger
a - Pain                  Hex/Necr       25 (25)      1%          1    N/A
b - Vampiric Draining     Necr           164 (200)    1%          3    N/A
c - Animate Dead          Necr           N/A          1%          4    N/A
d - Pryten's Skeletal Up  Chrm/Necr      135 (200)    1%          3    N/A
e - Regeneration          Chrm/Necr      135 (200)    1%          3    N/A
f - Summon Butterflies    Summ           25 (100)     1%          1    N/A
g - Dragon Form           Tmut           88 (200)     65%         7    N/A

Your spell library contained the following spells:

 Spells                   Type           Power        Failure   Level  Hunger
 Flame Tongue             Fire           25 (30)      1%          1    N/A
 Call Canine Familiar     Summ           25 (100)     1%          3    N/A
 Cause Fear               Hex            25 (200)     6%          4    N/A
 Summon Ice Beast         Ice/Summ       25 (100)     6%          4    N/A
 Summon Mana Viper        Summ/Pois      25 (100)     17%         5    N/A
 Summon Spider Mount      Summ/Pois      25 (200)     17%         5    N/A
 Bolt of Fire             Fire           25 (200)     65%         6    N/A
 Dragon's Call            Summ           25 (200)     100%        9    N/A

Dungeon Overview and Level Annotations

Branches:
Dungeon (8/8)              Temple (1/1) D:4            Lair (0/6) D:5
    Orc (2/2) D:6             Elf (0/3) Orc:2        Vaults (0/5) D:7
 Depths (0/5) D:8          Bailey (visited)

Altars:
Ashenzari Bahamut & Tiamat
Cheibriados
Dithmenos
Elyvilon
Fedhas Madash
Gozag Ym Sagoz
Hepliaklqana
Kikubaaqudgha
Makhleb
Nemelex Xobeh
Okawaru
Qazlal
Ru
Sif Muna
Trog
Uskayaw
Vehumet
Wu Jian
Xom
Yredelemnul
Zin
The Shining One
Beogh

Shops:
Orc:1 !   Orc:2 ?*


Innate Abilities, Weirdness & Mutations

Your spectral turquoise scales are resilient. (AC +9)
You can breathe blasts of ghostly flames, which heal the undead and damage the living.
You are immune to poison.
You are cold resistant. (rC+)
You cannot wear any armour on your peculiar form.
You are immune to negative energy. (rN+++)
You are immune to unholy pain and torment.
You can survive without breathing.
You are strongly in touch with the powers of death.
Your insubstantial form boosts your evasion and grants immunity to sticky flames, nets and constriction.
You are naturally skilled at Crossbows (Aptitude +3).
You are naturally skilled at Shields (Aptitude +3).
You are strongly in touch with the powers of translocation and transmutation.
Your spectral turquoise scales hold together your spectral form.
You can memorise 50% more levels worth of spells.
You gain random stats at level up more slowly, but gain an extra +1 intelligence each time.
You have a pair of horns on your head.


Message History

The orc priest barely misses your spectral warg (0).
The orc knight is engulfed in spectral mist (13)!
You kill the orc knight!
Bahamut & Tiamat accept your kill.
Your Fighting skill increases to level 8!
Your spectral warg bites the orc (8)!
The orc dies!
Bahamut & Tiamat accept your kill.
The orc barely misses your spectral warg (0).
The orc priest hits something with a +0 club (9)!
Casting: Pain (safe; 1% risk of failure)
Confirm with . or Enter, or press ? or * to list all spells.
You feel a huge surge of power!
Your skin crawls.
The orc priest hits your orc high priest zombie with a +0 whip (5).
Your orc high priest zombie hits the orc priest with a +0 dire flail (9)!
The orc warrior hits you from afar with a cursed +4 halberd of venom {(Curse: Fragile)} (25)!!
* * * LOW HITPOINT WARNING * * *
The orc priest mumbles some strange prayers to Beogh against you.
Beogh smites you!
You die...

.......................
........................
........................
........................
...........)............
...................%..#.
.......................#
..............##.......#
.......@).....##...)..).
#####○ZZ#######.....)[..


#Z°ZZZo #.....#).) #.o#Z°Z#. ##...###.) #. §°.☼Z.. #### #..[ #. .#)oo# .. ##.) #
.....oo ..# ### ...#...# .. #. ## You could see an orc warrior, 3 orc priests, 2
orcs, a friendly spectral warg, a friendly spectral troll, a friendly orc
zombie, 3 friendly orc priest zombies, a friendly orc high priest zombie, a
friendly orc knight zombie and a friendly orc warrior skeleton.

Vanquished Creatures
  Agnes (D:8)
  2 death knights
  An ettin (Orc:1)
  2 ogre magi (D:7)
  A dire elephant (D:8)
  An orc high priest (Orc:2)
  Nergalle (D:6)
  2 two-headed ogres
  A tengu warrior (D:8)
  An orc knight (Orc:2)
  3 hydras
  3 centaur warriors
  Pikel (D:5)
  A sixfirhy (Orc:1)
  2 wizards
  A manticore (D:8)
  A rock worm (D:7)
  2 orc sorcerers
  A deep elf mage (D:8)
  Joseph (D:4)
  2 gargoyles (D:6)
  3 ugly things
  2 trolls
  A meliai (D:8)
  Psyche (D:4)
  A kobold demonologist (D:8)
  2 wolf spiders (D:8)
  3 efreet
  A komodo dragon (D:6)
  A spriggan (D:4)
  4 hippogriffs
  A cyclops (D:8)
  A wyvern (D:6)
  Menkaure (D:3)
  A basilisk (D:6)
  3 slime creatures
  A wolf spider zombie (D:7)
  4 wargs
  A phantom (D:5)
  2 soldier ants
  23 orc warriors
  5 scorpions
  A porcupine (D:6)
  4 ice beasts
  A sky beast (D:6)
  An eye of draining (D:5)
  5 ogres
  A crocodile (D:6)
  2 big kobolds (D:2)
  6 bullfrogs
  11 centaurs
  3 howler monkeys
  2 harpy skeletons (D:7)
  A hornet zombie (D:4)
  22 orc priests
  4 hounds
  8 jellies (D:2)
  18 orc wizards
  3 iguanas (D:5)
  4 worker ants (D:4)
  6 giant cockroaches
  3 bullfrog zombies
  4 bullfrog skeletons
  8 adders
  15 gnolls (D:4)
  14 sewer rats
  A white imp (D:4)
  9 cinder newts
  2 worms (D:2)
  A dart slug (D:1)
  5 leopard geckos
  72 orcs
  4 ball pythons
  A cinder newt skeleton (D:2)
  A gnoll skeleton (D:2)
  6 goblins (D:1)
  4 hobgoblins (D:1)
  5 jackals
  6 quokkas
  7 bats
  A goblin skeleton (D:2)
  A hobgoblin skeleton (D:2)
  6 kobolds
  A quokka skeleton (D:3)
  7 rats
  A slave (D:5)
381 creatures vanquished.

Vanquished Creatures (collateral kills)
  Saint Roka (Orc:2)
  Rupert (D:8)
  Louise (D:7)
  Nessos (D:8)
  An orc high priest (Orc:1)
  2 hydras
  2 two-headed ogres
  An orc knight (Orc:2)
  2 manticores
  3 ugly things
  2 trolls
  A kobold demonologist (D:6)
  A hornet (D:6)
  2 cyclopes
  A shadow (D:8)
  2 acid dragons
  6 vampire mosquitoes
  A slime creature (D:7)
  2 wargs
  2 necrophages
  13 orc warriors
  2 porcupines (D:6)
  6 ogres
  A bullfrog (D:7)
  A harpy zombie (D:7)
  A harpy skeleton (D:7)
  A harpy simulacrum (D:8)
  A wight (D:7)
  4 orc priests
  A jelly (D:6)
  3 orc wizards (Orc:1)
  A worker ant (D:4)
  A wyvern zombie (D:4)
  A water moccasin zombie (D:6)
  A wyvern skeleton (D:7)
  5 bullfrog skeletons
  A bullfrog zombie (D:4)
  An ooze (D:4)
  A worker ant zombie (D:5)
  17 orcs
  2 jackals (D:3)
100 creatures vanquished.

Vanquished Creatures (others)
  An ugly thing (D:8)
  A bullfrog zombie (D:5)
  A bat (D:2)
  8 kobolds (D:2)
  A rat (D:2)
  A slimehead (D:2)
  112 withered plants (D:2)
125 creatures vanquished.

Grand Total: 606 creatures vanquished

Notes
Turn   | Place    | Note
-------+----------+-------------------------------------------
     0 | D:1      | BR41ND34D the Draconian Mummy began the quest for the Orb.
     0 | D:1      | Reached XP level 1. HP: 14/14 MP: 4/4
     5 | D:1      | Reached skill level 3 in Spellcasting
     5 | D:1      | Reached XP level 2. HP: 22/22 MP: 6/6
   117 | D:1      | Reached XP level 3. HP: 25/27 MP: 5/7
   270 | D:1      | Learned a level 3 spell: Vampiric Draining
   448 | D:1      | Reached XP level 4. HP: 34/34 MP: 4/9
   774 | D:1      | Reached skill level 1 in Fighting
   774 | D:1      | Reached skill level 4 in Spellcasting
  1116 | D:2      | Reached XP level 5. HP: 40/40 MP: 6/11
  1550 | D:2      | Reached XP level 6. HP: 47/47 MP: 9/13
  1553 | D:2      | Reached skill level 5 in Spellcasting
  1902 | D:2      | Gained mutation: Your insubstantial form boosts your
                  | evasion and grants immunity to sticky flames, nets and
                  | constriction. [draconic bloodline]
  1902 | D:2      | Reached XP level 7. HP: 55/55 MP: 9/15
  1902 | D:2      | Gained mutation: Your spectral turquoise scales hold
                  | together your spectral form. [Turquoise Draconian growth]
  1902 | D:2      | Gained mutation: You are strongly in touch with the powers
                  | of translocation and transmutation. [Turquoise Draconian
                  | growth]
  2303 | D:2      | Reached skill level 6 in Spellcasting
  2722 | D:2      | Reached skill level 5 in Necromancy
  3084 | D:3      | Noticed Menkaure
  3176 | D:3      | Reached XP level 8. HP: 62/62 MP: 12/18
  3260 | D:3      | Killed Menkaure
  3260 | D:3      | Reached skill level 7 in Spellcasting
  3372 | D:3      | Learned a level 4 spell: Animate Dead
  3376 | D:3      | Learned a level 3 spell: Pryten's Skeletal Uprising
  3380 | D:3      | Learned a level 3 spell: Regeneration
  3947 | D:4      | Noticed Joseph
  3958 | D:4      | Killed Joseph
  3958 | D:4      | Reached skill level 8 in Spellcasting
  3958 | D:4      | Reached skill level 1 in Evocations
  4142 | D:4      | Reached XP level 9. HP: 64/70 MP: 15/21
  4171 | D:4      | Found a staircase to the Ecumenical Temple.
  4176 | Temple   | Entered the Ecumenical Temple
  4300 | Temple   | Became a worshipper of Bahamut & Tiamat
  4537 | D:4      | Identified the cursed amulet "Sueruom" {Harm *Drain rElec
                  | rN++ Int-2, (Curse: Fragile rC-)}
  4681 | D:4      | Reached * piety under Bahamut & Tiamat
  4690 | D:4      | Reached skill level 9 in Spellcasting
  4704 | D:4      | Noticed Psyche
  4711 | D:4      | Killed Psyche
  4907 | D:4      | Identified the cursed ring "Ninah" {Wiz Str+4 Int+7,
                  | (Curse: Fragile rC-)}
  4956 | D:4      | Identified a scroll of acquirement
  5169 | D:4      | Reached ** piety under Bahamut & Tiamat
  5297 | D:5      | Entered Level 5 of the Dungeon
  5450 | D:5      | Found a staircase to the Lair.
  5460 | D:5      | Gained mutation: You are naturally skilled at Crossbows
                  | (Aptitude +3). [draconic bloodline]
  5460 | D:5      | Reached XP level 10. HP: 80/80 MP: 18/23
  5636 | D:5      | Noticed Pikel
  5651 | D:5      | Killed Pikel
  5651 | D:5      | Reached skill level 10 in Spellcasting
  5968 | D:5      | Noticed an eight-headed hydra
  5977 | D:5      | Killed an eight-headed hydra
  5977 | D:5      | Reached skill level 5 in Short Blades
  6928 | D:6      | Reached *** piety under Bahamut & Tiamat
  6983 | D:6      | Reached skill level 5 in Fighting
  6987 | D:6      | Reached skill level 11 in Spellcasting
  7014 | D:6      | Found a staircase to the Orcish Mines.
  7045 | D:6      | Identified the +5 staff "Qamodoro" {warp, death; +Inv rPois
                  | rN+ Str-4 Int+7} (You acquired it on level 6 of the
                  | Dungeon)
  7045 | D:6      | Identified the +6 arbalest of Tartarus {speed, rF+ Str+7
                  | Int+2 +Vis} (You acquired it on level 6 of the Dungeon)
  7213 | D:6      | Reached XP level 11. HP: 57/86 MP: 18/26
  7258 | D:6      | Reached **** piety under Bahamut & Tiamat
  7270 | D:6      | Noticed a five-headed hydra
  7279 | D:6      | Killed a five-headed hydra
  7375 | D:6      | Identified the cursed ring "Qibuad" {*Slow rN+ Int-5 Dex+8
                  | Stlth+, (Curse: Fragile)}
  7375 | D:6      | Noticed Nergalle
  7379 | D:6      | Noticed a two-headed ogre
  7385 | D:6      | Reached skill level 12 in Spellcasting
  7388 | D:6      | Killed Nergalle
  7390 | D:6      | Killed a two-headed ogre
  7447 | D:6      | Noticed a two-headed ogre
  7452 | D:6      | Killed a two-headed ogre
  7482 | D:6      | Found a flagged portal.
  7492 | Bailey   | Entered a bailey
  7791 | Bailey   | Reached skill level 13 in Spellcasting
  7818 | Bailey   | Reached ***** piety under Bahamut & Tiamat
  8483 | D:6      | Identified the ring "Usseqene" {Ice rElec rPois rN+++
                  | Dex-3} (You acquired it on level 6 of the Dungeon)
  8486 | D:6      | Identified the ring of Sut Hopp {+Blink Str+5 Stlth+} (You
                  | acquired it on level 6 of the Dungeon)
  8491 | D:6      | Learned a level 1 spell: Summon Butterflies
  8636 | D:6      | Reached skill level 1 in Invocations
  8693 | D:6      | Found a shadowy altar of Dithmenos.
  8693 | D:6      | Found a glowing golden altar of the Shining One.
  8693 | D:6      | Found a shimmering blue altar of Sif Muna.
  8751 | D:6      | Found a snail-covered altar of Cheibriados.
  8752 | D:6      | Found a hazy altar of Hepliaklqana.
  8753 | D:6      | Found a glowing silver altar of Zin.
  8756 | D:6      | Found an ornate altar of the Wu Jian Council.
  8756 | D:6      | Found an opulent altar of Gozag.
  8757 | D:6      | Found a burning altar of Makhleb.
  8760 | D:6      | Found a sparkling altar of Nemelex Xobeh.
  8764 | D:6      | Found a sacrificial altar of Ru.
  8768 | D:6      | Noticed a death knight
  8780 | D:6      | Killed a death knight
  8780 | D:6      | Reached skill level 10 in Necromancy
  9133 | D:7      | Reached skill level 1 in Maces & Staves
  9166 | D:7      | Noticed a death knight
  9180 | D:7      | Killed a death knight
  9272 | D:7      | Noticed an ogre mage
  9278 | D:7      | Killed an ogre mage
  9278 | D:7      | Reached skill level 5 in Evocations
  9290 | D:7      | Noticed an ogre mage
  9290 | D:7      | Noticed a centaur warrior
  9296 | D:7      | Killed a centaur warrior
  9296 | D:7      | Gained mutation: You are naturally skilled at Shields
                  | (Aptitude +3). [draconic bloodline]
  9296 | D:7      | Reached XP level 12. HP: 55/96 MP: 29/29
  9852 | D:7      | Reached skill level 14 in Spellcasting
  9863 | D:7      | Found a gate to the Vaults.
 10092 | D:7      | Reached skill level 5 in Invocations
 10337 | D:7      | Noticed Louise
 10346 | D:7      | Reached skill level 5 in Stealth
 10351 | D:7      | Killed Louise
 10687 | D:8      | Entered Level 8 of the Dungeon
 10805 | D:8      | Noticed Rupert
 10811 | D:8      | Killed Rupert
 10926 | D:8      | Noticed Agnes
 10939 | D:8      | Killed Agnes
 10939 | D:8      | Gained mutation: You are strongly in touch with the powers
                  | of translocation and transmutation. [Turquoise Draconian
                  | growth]
 10939 | D:8      | Gained mutation: You are strongly in touch with the powers
                  | of death. [mummy growth]
 10939 | D:8      | Reached XP level 13. HP: 72/105 MP: 7/31
 10939 | D:8      | Reached skill level 15 in Spellcasting
 11034 | D:8      | Noticed Nessos
 11040 | D:8      | Killed Nessos
 11063 | D:8      | Found a staircase to the Depths.
 11365 | D:8      | Found a shadowy altar of Dithmenos.
 12127 | Temple   | Gained mutation: You have a pair of horns on your head.
                  | [potion of mutation]
 12218 | Orc:1    | Entered Level 1 of the Orcish Mines
 12326 | Orc:1    | Identified the cursed amulet of Equilibrium {Faith rC+,
                  | (Curse: *Drain Fragile)}
 12392 | Orc:1    | Found Deesuez's Distillery.
 12415 | Orc:1    | Reached ****** piety under Bahamut & Tiamat
 12420 | Orc:1    | Received a gift from Bahamut & Tiamat
 12431 | Orc:1    | Learned a level 7 spell: Dragon Form
 12582 | Orc:1    | Found a roughly hewn altar of Beogh.
 12741 | Orc:1    | Reached skill level 1 in Transmutations
 13133 | Orc:2    | Entered Level 2 of the Orcish Mines
 13174 | Orc:2    | Found a staircase to the Elven Halls.
 13174 | Orc:2    | Found Roafurao's Assorted Antiques.
 13412 | Orc:2    | Reached skill level 5 in Dodging
 13419 | Orc:2    | Noticed Saint Roka
 13549 | Orc:2    | Killed Saint Roka
 13549 | Orc:2    | Reached skill level 5 in Maces & Staves
 13549 | Orc:2    | Reached skill level 16 in Spellcasting
 13685 | Orc:2    | Found Wufet's Magic Scroll Boutique.
 13723 | Orc:2    | Killed from afar by an orc priest

Levels and vault maps discovered:
D:1:      dpeg_arrival_tiny_a, layout_rooms, mrwooster_statue_mirror
D:2:      layout_sewer, minivault_11
D:3:      layout_twisted_cavern, first_ration, uniq_menkaure
D:4:      layout_roguey, minmay_temple_entry_sparse_star, grunt_pizzeria,
          uniq_psyche, uniq_joseph
D:5:      layout_layer_cave, erik_lair_orcish_takeover, uniq_pikel
D:6:      layout_loops_ring, minitemple, gammafunk_temple_overflow_claw,
          david_orc_2, enter_bailey_8, uniq_nergalle
D:7:      layout_loops_ring, david_vaults_1, hangedman_decor_push,
          kennysheep_generic_room_15, uniq_louise
D:8:      hangedman_depths_entry_try_elsewhere_first, layout_gridville,
          nicolae_dithmenos_the_darkroom, minmay_misc_feat_rows, uniq_agnes,
          uniq_rupert, uniq_nessos
Temple:   hc_temple_tempest_star
Orc:1:    layout_caves, serial_shops, shop, minmay_orc_temple_a
Orc:2:    st_orc_pillars, layout_caves, serial_shops, shop, shop_statue, shop,
          shop, okawaru_metal_pillars_1_2, uniq_saint_roka

Skill      XL: |  1  2  3  4  5  6  7  8  9 10 11 12 13 |
---------------+----------------------------------------+-----
Spellcasting   | 3 4 5 6 8 9 11 13 14 16 | 16.2
Necromancy     | 3 4 5 6 7 8 10 11 12 | 12.0
Fighting       | 1 2 3 4 5 6 7 8 |  8.0
Short Blades   | 2 3 4 5 6 |  6.1
Stealth        | 2 3 4 5 |  5.0
Dodging        | 3 4 5 |  5.0
Evocations     | 1 2 4 5 6 7 |  7.0
Invocations    | 3 7 9 |  9.0
Maces & Staves | 1 3 5 |  5.2
Transmutations | 4 |  4.2

Action                   |  1- 3 |  4- 6 |  7- 9 | 10-12 | 13-15 || total
-------------------------+-------+-------+-------+-------+-------++-------
Melee: Short sword       |    48 |    79 |   128 |    34 |       ||   289
       Sai               |    42 |    75 |   118 |    40 |       ||   275
       Peck              |     1 |     1 |    13 |     5 |     1 ||    21
       Staff             |       |       |       |    88 |    10 ||    98
       Unarmed           |       |       |       |    38 |    10 ||    48
Throw: Rusty metal       |       |       |       |     1 |       ||     1
 Cast: Pain              |    30 |   101 |   147 |   339 |   239 ||   856
       Vampiric Draining |       |     8 |    11 |    50 |    27 ||    96
       Pryten's Skeletal |       |       |     1 |     1 |       ||     2
       Regeneration      |       |       |       |     9 |     5 ||    14
       Animate Dead      |       |       |       |     5 |     9 ||    14
       Summon Butterflie |       |       |       |     1 |       ||     1
Invok: Choose Tiamat's R |       |       |     1 |       |       ||     1
       Choose Bahamut's  |       |       |     1 |       |       ||     1
       Choose Bahamut's  |       |       |       |     1 |       ||     1
       Enhanced Breath   |       |       |       |     1 |     2 ||     3
       Drake Mount       |       |       |       |       |     2 ||     2
       Receive Book of t |       |       |       |       |     1 ||     1
 Abil: Breathe Spectral  |       |       |    19 |    32 |    20 ||    71
       End Uprising      |       |       |       |     1 |       ||     1
Evoke: Wand              |       |       |       |     2 |       ||     2
  Use: Scroll            |       |     3 |     1 |     5 |       ||     9
       Potion            |       |       |       |     1 |     1 ||     2
 Stab: Sleeping          |     2 |     1 |     4 |     5 |       ||    12
       Distracted        |       |       |       |     1 |     1 ||     2
Armor: Skin              |    18 |    44 |    27 |    94 |    23 ||   206
Dodge: Dodged            |    56 |   136 |   153 |   339 |    75 ||   759
Block: Sai               |     1 |     7 |    14 |     9 |       ||    31
